[Event "WYCC U16 Open 2019"]
[Site "Mumbai"]
[Date "2019.10.10"]
[Round "9.12"]
[White "Mis, Mieszko"]
[Black "Hilwerda, Jonas"]
[Result "1-0"]
[ECO "E62"]
[WhiteElo "2345"]
[BlackElo "2229"]
[Annotator "NA"]
[PlyCount "141"]
[EventDate "2019.10.02"]
[EventType "swiss"]
[EventCountry "IND"]
[SourceTitle "playchess.com"]
[Source "ChessBase"]
[SourceQuality "1"]
[TimeControl "40/5400+30:1800+30"]

1. d4 Nf6 2. c4 g6 3. g3 Bg7 4. Bg2 O-O 5. Nc3 d6 6. Nf3 Nc6 7. O-O e5 8. h3 Nd7 9. d5 Ncb8 10. e4 a5 11. Ne1 Na6 12. Nd3 Ndc5 13. Be3 f5 14. exf5 gxf5 15. f4 Nxd3 16. Qxd3 Qe8 17. Kh2 Qh5 18. a3 b6 19. fxe5 Bxe5 20. Bf4 Nc5 21. Qc2 Bd7 22. b3 Rae8 23. b4 Ne4 24. Bxe5 Rxe5 25. Nxe4 fxe4 26. Rxf8+ Kxf8 27. Qf2+ Kg8 28. Qe3 Qg5 29. Qxg5+ Rxg5 30. bxa5 bxa5 31. Re1 Bf5 32. Bxe4 Bxe4 33. Rxe4 c6 34. dxc6 Rc5 35. Re8+ Kf7 36. Rh8 Ke6 37. Re8+ Kf7 38. Re4 Rxc6 39. Kg2 Rb6 40. Kf3 Rb1 41. Rf4+ Ke6 42. Rh4 Rc1 43. Rh6+ Kf5 44. Rh5+ Kg6 45. Rxa5 Rxc4 46. Ra6 Rc3+ 47. Ke4 Rxg3 48. Rxd6+ Kg5 49. Rd3 Rg1 50. Kd4 h5 51. Kc4 Kh4 52. a4 Ra1 53. Kb4 Rb1+ 54. Rb3 Rf1 55. a5 Rf4+ 56. Kb5 Rf5+ 57. Ka4 Rf6 58. Rc3 Rf4+ 59. Kb5 Rf5+ 60. Kb4 Rf6 61. Ra3 Rf5 62. a6 Rf7 63. a7 Rxa7 64. Rxa7 Kxh3 65. Rg7 h4 66. Kc3 Kh2 67. Kd2 h3 68. Ke2 Kh1 69. Kf3 h2 70. Re7 Kg1 71. Re1# 1-0

[Event "WYCC U16 Open 2019"]
[Site "Mumbai"]
[Date "2019.10.10"]
[Round "9.13"]
[White "Ammar, Sedrani"]
[Black "Stork, Oliver"]
[Result "1-0"]
[ECO "A45"]
[WhiteElo "2053"]
[BlackElo "2314"]
[Annotator "ChessBase"]
[PlyCount "74"]
[EventDate "2019.10.02"]
[EventType "swiss"]
[EventCountry "IND"]
[SourceTitle "playchess.com"]
[Source "ChessBase"]
[SourceQuality "1"]
[TimeControl "40/5400+30:1800+30"]

1. d4 Nf6 2. Bg5 e6 3. e3 c5 4. c3 b6 5. Nd2 Bb7 6. Ngf3 Be7 7. Bd3 Nc6 8. a3 d5 9. Ne5 Nxe5 10. dxe5 Nd7 11. Bxe7 Qxe7 12. f4 O-O-O 13. Nf3 h6 14. Qe2 g5 15. O-O-O f6 16. Bb5 f5 17. g3 Rhg8 18. Rhg1 Nb8 19. Bd3 Nc6 20. Kb1 Kb8 21. h4 gxh4 22. Nxh4 c4 23. Bc2 Rg4 24. Bxf5 exf5 25. Nxf5 Qf8 26. Qxg4 Bc8 27. e4 dxe4 28. Qg6 Bxf5 29. Qxc6 e3+ 30. Kc1 Bd3 31. Rge1 e2 32. Rd2 h5 33. Qf3 Qe8 34. Rdxe2 Qa4 35. e6 Kc7 36. Rd2 Bf5 37. Qe3 Rd5 1-0

[Event "WYCC U16 Open 2019"]
[Site "Mumbai"]
[Date "2019.10.10"]
[Round "9.14"]
[White "Wachinger, Nikolas"]
[Black "Skurniak, Szymon"]
[Result "1-0"]
[ECO "B60"]
[WhiteElo "2297"]
[BlackElo "1997"]
[Annotator "NA"]
[PlyCount "115"]
[EventDate "2019.10.02"]
[EventType "swiss"]
[EventCountry "IND"]
[SourceTitle "playchess.com"]
[Source "ChessBase"]
[SourceQuality "1"]
[TimeControl "40/5400+30:1800+30"]

1. e4 c5 2. Nf3 d6 3. d4 cxd4 4. Nxd4 Nf6 5. Nc3 Nc6 6. Bg5 Qb6 7. Nb3 e6 8. Qd2 Be7 9. O-O-O O-O 10. Kb1 Rd8 11. h4 d5 12. exd5 Nxd5 13. Nxd5 Rxd5 14. Bd3 a5 15. c4 Rd7 16. Bxe7 Rxe7 17. c5 Qc7 18. Bb5 Bd7 19. Qd6 Be8 20. Nd2 Nb4 21. Bxe8 Raxe8 22. Nc4 h5 23. Rc1 Rd8 24. a3 Nc6 25. Qxc7 Rxc7 26. Rhd1 Rd5 27. Rxd5 exd5 28. Nd6 Ne5 29. Rd1 Rxc5 30. Nxb7 Rb5 31. Nd6 Rc5 32. b4 axb4 33. axb4 Rc3 34. Kb2 Rc6 35. Rxd5 f6 36. Kb3 Kf8 37. b5 Rc1 38. f4 Nd7 39. Nc4 Ke7 40. Rxh5 Ke6 41. Ne3 Rb1+ 42. Kc2 Rb4 43. g3 g6 44. Rd5 f5 45. Kc3 Re4 46. Kd2 Rxe3 47. Rxd7 Rb3 48. Rb7 Rxg3 49. b6 Kd5 50. Rg7 Kd4 51. h5 Rd3+ 52. Ke2 Re3+ 53. Kf2 Rh3 54. b7 Rb3 55. h6 Ke4 56. h7 Kxf4 57. h8=Q Rb2+ 58. Ke1 1-0

[Event "WYCC U16 Open 2019"]
[Site "Mumbai"]
[Date "2019.10.10"]
[Round "9.15"]
[White "Raahul V S"]
[Black "McGowan, Cameron"]
[Result "1/2-1/2"]
[ECO "E91"]
[WhiteElo "2262"]
[BlackElo "2221"]
[Annotator "NA"]
[PlyCount "102"]
[EventDate "2019.10.02"]
[EventType "swiss"]
[EventCountry "IND"]
[SourceTitle "playchess.com"]
[Source "ChessBase"]
[SourceQuality "1"]
[TimeControl "40/5400+30:1800+30"]

1. c4 Nf6 2. Nc3 g6 3. e4 d6 4. d4 Bg7 5. Be2 O-O 6. Nf3 Na6 7. O-O e5 8. dxe5 dxe5 9. Be3 Ng4 10. Bg5 f6 11. Bd2 c6 12. Qc1 f5 13. exf5 gxf5 14. h3 e4 15. hxg4 exf3 16. gxf3 fxg4 17. fxg4 Qh4 18. Bg5 Qh3 19. Qe3 Bxg4 20. Qxh3 Bxh3 21. Rfe1 Bd4 22. Bh4 Rae8 23. Bh5 Re6 24. Rad1 Bf6 25. Rxe6 Bxe6 26. Bxf6 Rxf6 27. Ne4 Rh6 28. b3 Rxh5 29. Nf6+ Kf8 30. Nxh5 Bg4 31. Rd8+ Ke7 32. Ra8 Bxh5 33. Rxa7 Nc5 34. b4 Nd7 35. Rxb7 Bf7 36. c5 Bxa2 37. b5 Ke6 38. Ra7 Bd5 39. b6 Nxc5 40. b7 Nxb7 41. Rxb7 Be4 42. Kf1 c5 43. Rc7 Kd6 44. Rc8 Bf5 45. Rf8 Ke5 46. Ke2 c4 47. Ke3 c3 48. f4+ Ke6 49. Rc8 c2 50. Kd2 Kf7 51. Rxc2 Bxc2 1/2-1/2

[Event "WYCC U16 Open 2019"]
[Site "Mumbai"]
[Date "2019.10.10"]
[Round "9.16"]
[White "Isfan, Ioan-Marius"]
[Black "Akshit Kumar J"]
[Result "0-1"]
[ECO "D02"]
[WhiteElo "2206"]
[BlackElo "1912"]
[Annotator "NA"]
[PlyCount "102"]
[EventDate "2019.10.02"]
[EventType "swiss"]
[EventCountry "IND"]
[SourceTitle "playchess.com"]
[Source "ChessBase"]
[SourceQuality "1"]
[TimeControl "40/5400+30:1800+30"]

1. d4 d5 2. Nf3 Nf6 3. c4 c6 4. Qb3 dxc4 5. Qxc4 Bf5 6. g3 e6 7. Bg2 Nbd7 8. O-O Be7 9. Nc3 O-O 10. Re1 Ne4 11. Qb3 Qb6 12. Qxb6 axb6 13. Nxe4 Bxe4 14. Ne5 Nxe5 15. Bxe4 Nc4 16. a3 b5 17. Rb1 Rfd8 18. e3 e5 19. dxe5 Nxe5 20. Kf1 b4 21. axb4 Bxb4 22. Re2 Rd1+ 23. Kg2 Nd3 24. Bxd3 Rxd3 25. Rc2 Rd1 26. e4 Ra2 27. Kf3 c5 28. Ke2 Re1+ 29. Kd3 b5 30. Re2 c4+ 31. Ke3 Rd1 32. f4 h5 33. e5 Bc5+ 34. Ke4 c3 35. Kf3 b4 36. bxc3 Rf1+ 37. Kg2 Rg1+ 38. Kf3 Rf1+ 39. Kg2 Rg1+ 40. Kf3 b3 41. Rxa2 bxa2 42. Ra1 Ba3 43. Rxa2 Bxc1 44. c4 Re1 45. c5 Re3+ 46. Kg2 Rc3 47. Ra8+ Kh7 48. Rc8 Kg6 49. Rc6+ Kf5 50. Rc7 Ke6 51. Kh3 Bxf4 0-1

[Event "WYCC U16 Open 2019"]
[Site "Mumbai"]
[Date "2019.10.11"]
[Round "10.1"]
[White "Niemann, Hans Moke"]
[Black "Daghli, Arash"]
[Result "0-1"]
[ECO "E97"]
[WhiteElo "2439"]
[BlackElo "2387"]
[Annotator "NA"]
[PlyCount "92"]
[EventDate "2019.10.02"]
[EventType "swiss"]
[EventCountry "IND"]
[SourceTitle "playchess.com"]
[Source "ChessBase"]
[SourceQuality "1"]
[TimeControl "40/5400+30:1800+30"]

1. d4 Nf6 2. c4 g6 3. Nc3 Bg7 4. e4 d6 5. Be2 O-O 6. Nf3 e5 7. O-O Nc6 8. d5 Ne7 9. b4 a5 10. bxa5 c5 11. a4 Ne8 12. Ra3 h6 13. Ne1 f5 14. Bd2 Nf6 15. f3 f4 16. Nd3 g5 17. Nf2 h5 18. h3 Ng6 19. Qb3 Ra6 20. Rb1 Rf7 21. Qd1 Bf8 22. Rb6 Rxa5 23. Rb5 Ra7 24. a5 Rg7 25. Na4 Bd7 26. Rb2 Nh8 27. Nb6 Be8 28. Kf1 Nf7 29. Bc3 Nh6 30. Ke1 g4 31. Kd2 gxh3 32. gxh3 Nh7 33. Qf1 Be7 34. Kc2 Bh4 35. Nd3 Nf7 36. Kb3 Nf8 37. Bd1 Nd7 38. Ka2 Nxb6 39. Rxb6 Bd7 40. Qe2 Rg1 41. Qc2 Bxh3 42. Rb2 Bc8 43. Be2 Bg3 44. Rb1 Rxb1 45. Qxb1 h4 46. Qh1 h3 0-1

[Event "WYCC U16 Open 2019"]
[Site "Mumbai"]
[Date "2019.10.11"]
[Round "10.2"]
[White "Makarian, Rudik"]
[Black "Harshavardhan G B"]
[Result "1-0"]
[ECO "A16"]
[WhiteElo "2386"]
[BlackElo "2362"]
[Annotator "NA"]
[PlyCount "79"]
[EventDate "2019.10.02"]
[EventType "swiss"]
[EventCountry "IND"]
[SourceTitle "playchess.com"]
[Source "ChessBase"]
[SourceQuality "1"]
[TimeControl "40/5400+30:1800+30"]

1. c4 Nf6 2. Nc3 e5 3. e3 Nc6 4. a3 a5 5. Nf3 d6 6. d3 g6 7. Be2 Bg7 8. O-O O-O 9. Qc2 Be6 10. Bd2 Nd7 11. Nd5 a4 12. Bc3 Nc5 13. Nb4 Na5 14. Rad1 b5 15. Nd2 bxc4 16. dxc4 Ncb3 17. Bf3 Bf5 18. Be4 Nxd2 19. Bxd2 Bxe4 20. Qxe4 Qd7 21. Bc3 Qf5 22. Qxf5 gxf5 23. c5 dxc5 24. Nd5 e4 25. Nxc7 Ra7 26. Nb5 Bxc3 27. Nxc3 Nc4 28. Rd5 Rc8 29. Rb1 Rb8 30. Rxf5 Nd2 31. Rd1 Rxb2 32. Rxc5 Ra6 33. Rd5 Nc4 34. R5d4 Nxa3 35. Rxe4 Rf6 36. Rf1 Rc2 37. Nd5 Ra6 38. Nb4 Ra5 39. Nxc2 Nxc2 40. Rc4 1-0

[Event "WYCC U16 Open 2019"]
[Site "Mumbai"]
[Date "2019.10.11"]
[Round "10.4"]
[White "Pogosyan, Stefan"]
[Black "Bilych, Olexiy"]
[Result "1-0"]
[ECO "A47"]
[WhiteElo "2364"]
[BlackElo "2281"]
[Annotator "NA"]
[PlyCount "68"]
[EventDate "2019.10.02"]
[EventType "swiss"]
[EventCountry "IND"]
[SourceTitle "playchess.com"]
[Source "ChessBase"]
[SourceQuality "1"]
[TimeControl "40/5400+30:1800+30"]

1. d4 Nf6 2. Nf3 b6 3. g3 Bb7 4. Bg2 e6 5. O-O Be7 6. c4 O-O 7. Re1 Ne4 8. Nfd2 d5 9. Nc3 f5 10. Ndxe4 dxe4 11. f3 Bf6 12. Be3 Nc6 13. d5 Na5 14. fxe4 Nxc4 15. Bf4 Qe7 16. Qb3 exd5 17. exd5 Qc5+ 18. Kh1 Bxc3 19. Qxc3 Bxd5 20. b3 Nd6 21. Qxc5 Bxg2+ 22. Kxg2 bxc5 23. Rac1 Ne4 24. Bxc7 Rac8 25. Bf4 Kf7 26. Rc4 Ke6 27. Rec1 Rc6 28. g4 g6 29. gxf5+ gxf5 30. Kf3 Rg8 31. Be3 Rg4 32. Ra4 a6 33. Bf4 h6 34. Rxe4+ Kd5 1-0

[Event "WYCC U16 Open 2019"]
[Site "Mumbai"]
[Date "2019.10.11"]
[Round "10.6"]
[White "Soto, Miguel Angel"]
[Black "Cardoso Cardoso, Jose Gabriel"]
[Result "0-1"]
[ECO "A13"]
[WhiteElo "2283"]
[BlackElo "2313"]
[Annotator "NA"]
[PlyCount "70"]
[EventDate "2019.10.02"]
[EventType "swiss"]
[EventCountry "IND"]
[SourceTitle "playchess.com"]
[Source "ChessBase"]
[SourceQuality "1"]
[TimeControl "40/5400+30:1800+30"]

1. c4 e6 2. g3 d5 3. Bg2 Nf6 4. Nf3 dxc4 5. Qa4+ Nbd7 6. Qxc4 a6 7. d3 b5 8. Qc6 Rb8 9. Qc2 Bb7 10. O-O Bd6 11. a4 c5 12. Nbd2 O-O 13. b3 Qb6 14. Bb2 Bc6 15. axb5 axb5 16. e4 Be7 17. Rae1 Rfd8 18. Kh1 Rbc8 19. Re2 Bb7 20. Ne1 Nb8 21. f4 Nc6 22. Qb1 Nd4 23. Bxd4 cxd4 24. h3 Rc3 25. Ref2 Rdc8 26. Qd1 Rc1 27. Qe2 Bb4 28. g4 Qa5 29. Kh2 Qa3 30. Nef3 R8c2 31. Rxc1 Qxc1 32. Qf1 Qb2 33. Qd1 Qa2 34. Kg3 Rb2 35. Bf1 Bc3 0-1

[Event "WYCC U16 Open 2019"]
[Site "Mumbai"]
[Date "2019.10.11"]
[Round "10.7"]
[White "Kacharava, Nikolozi"]
[Black "Soham Kamotra"]
[Result "1-0"]
[ECO "B18"]
[WhiteElo "2428"]
[BlackElo "2091"]
[Annotator "NA"]
[PlyCount "99"]
[EventDate "2019.10.02"]
[EventType "swiss"]
[EventCountry "IND"]
[SourceTitle "playchess.com"]
[Source "ChessBase"]
[SourceQuality "1"]
[TimeControl "40/5400+30:1800+30"]

1. e4 c6 2. d4 d5 3. Nc3 dxe4 4. Nxe4 Bf5 5. Nc5 b6 6. Nb3 e6 7. Nf3 Bd6 8. g3 Nd7 9. Bg2 Rc8 10. O-O Ngf6 11. Nbd2 O-O 12. Nc4 Bb8 13. Qe2 b5 14. Nce5 Be4 15. Bg5 Bd5 16. Rfd1 Qb6 17. b3 b4 18. a3 a5 19. axb4 axb4 20. Ra4 Rfe8 21. Bd2 Bd6 22. Rda1 c5 23. Ra7 Rc7 24. R7a6 Qb7 25. Rxd6 Nxe5 26. dxe5 Ne4 27. Rda6 Nxd2 28. Nxd2 Bxg2 29. Ra7 Qxa7 30. Rxa7 Rxa7 31. Kxg2 Rd8 32. Ne4 Rd5 33. Qb5 Ra8 34. Qc6 Rad8 35. Nxc5 Rxe5 36. Nd3 Rf5 37. Nxb4 h5 38. Nd3 g5 39. b4 Rdd5 40. Qa8+ Kg7 41. Qa3 e5 42. c4 Rd4 43. Qc3 f6 44. c5 g4 45. c6 Rf3 46. c7 Rdxd3 47. Qxd3 Rxd3 48. c8=Q Rd4 49. b5 h4 50. gxh4 1-0

[Event "WYCC U16 Open 2019"]
[Site "Mumbai"]
[Date "2019.10.11"]
[Round "10.8"]
[White "Sankalp Gupta"]
[Black "Avila Pavas, Santiago"]
[Result "1/2-1/2"]
[ECO "D30"]
[WhiteElo "2369"]
[BlackElo "2406"]
[Annotator "ChessBase"]
[PlyCount "60"]
[EventDate "2019.10.02"]
[EventType "swiss"]
[EventCountry "IND"]
[SourceTitle "playchess.com"]
[Source "ChessBase"]
[SourceQuality "1"]
[TimeControl "40/5400+30:1800+30"]

1. d4 d5 2. c4 e6 3. Nf3 a6 4. cxd5 exd5 5. Nc3 Nf6 6. Bg5 Be6 7. Qb3 b5 8. a4 b4 9. Bxf6 Qxf6 10. Nxd5 Qd8 11. e4 c6 12. Qe3 cxd5 13. exd5 Qxd5 14. Rc1 Be7 15. Bd3 Ra7 16. Be4 Qb3 17. Rc8+ Bd8 18. Rxb8 O-O 19. O-O Qxe3 20. fxe3 Be7 21. Rxf8+ Kxf8 22. Bxh7 g6 23. e4 Kg7 24. d5 Bc8 25. Bxg6 Bc5+ 26. Kh1 Kxg6 27. Ne5+ Kg7 28. Nf3 Kg6 29. Ne5+ Kg7 30. Nf3 Kg6 1/2-1/2

[Event "WYCC U16 Open 2019"]
[Site "Mumbai"]
[Date "2019.10.11"]
[Round "10.8"]
[White "Sankalp Gupta"]
[Black "Avila Pavas, Santiago"]
[Result "*"]
[ECO "D30"]
[WhiteElo "2369"]
[BlackElo "2406"]
[Annotator "ChessBase"]
[PlyCount "30"]
[EventDate "2019.10.02"]
[EventType "swiss"]
[EventCountry "IND"]
[SourceTitle "playchess.com"]
[Source "ChessBase"]
[SourceQuality "1"]
[TimeControl "40/5400+30:1800+30"]

1. d4 d5 2. c4 e6 3. Nf3 a6 4. cxd5 exd5 5. Nc3 Nf6 6. Bg5 Be6 7. Qb3 b5 8. a4 b4 9. Bxf6 Qxf6 10. Nxd5 Qd8 11. e4 c6 12. Qe3 cxd5 13. exd5 Qd7 14. d6 Qxd6 15. Rc1 Qd5 *

[Event "WYCC U16 Open 2019"]
[Site "Mumbai"]
[Date "2019.10.11"]
[Round "10.9"]
[White "Gharibyan, Mamikon"]
[Black "Mis, Mieszko"]
[Result "1/2-1/2"]
[ECO "D52"]
[WhiteElo "2388"]
[BlackElo "2345"]
[Annotator "NA"]
[PlyCount "65"]
[EventDate "2019.10.02"]
[EventType "swiss"]
[EventCountry "IND"]
[SourceTitle "playchess.com"]
[Source "ChessBase"]
[SourceQuality "1"]
[TimeControl "40/5400+30:1800+30"]

1. d4 Nf6 2. c4 e6 3. Nf3 d5 4. Nc3 c6 5. Bg5 Nbd7 6. e3 Qa5 7. Nd2 Bb4 8. Qc2 O-O 9. Be2 c5 10. Nb3 Qa4 11. Bxf6 Nxf6 12. dxc5 dxc4 13. Bxc4 Qc6 14. O-O Bxc5 15. Bb5 Qb6 16. a3 Be7 17. Rfd1 e5 18. Nd2 a6 19. Be2 Be6 20. Na4 Qa7 21. Ne4 Nd5 22. Nac3 Rac8 23. Qa4 Nxc3 24. Nxc3 Qb6 25. Rd2 Rfd8 26. Rad1 h6 27. Bf3 Rxd2 28. Rxd2 Bb3 29. Qe4 Bxa3 30. Qxb7 Qxb7 31. Bxb7 Rc7 32. Bxa6 Bxb2 33. Rxb2 1/2-1/2

[Event "WYCC U16 Open 2019"]
[Site "Mumbai"]
[Date "2019.10.11"]
[Round "10.11"]
[White "Utsab Chatterjee"]
[Black "Wachinger, Nikolas"]
[Result "1-0"]
[ECO "B92"]
[WhiteElo "2211"]
[BlackElo "2297"]
[Annotator "NA"]
[PlyCount "145"]
[EventDate "2019.10.02"]
[EventType "swiss"]
[EventCountry "IND"]
[SourceTitle "playchess.com"]
[Source "ChessBase"]
[SourceQuality "1"]
[TimeControl "40/5400+30:1800+30"]

1. e4 c5 2. Nf3 d6 3. d4 cxd4 4. Nxd4 Nf6 5. Nc3 a6 6. Be2 e5 7. Nb3 Be7 8. O-O O-O 9. Kh1 Nc6 10. f4 b5 11. Bf3 b4 12. Nd5 a5 13. Be3 a4 14. Nd2 exf4 15. Bxf4 Nxd5 16. exd5 Nd4 17. a3 Nxf3 18. Qxf3 bxa3 19. Rxa3 Bf5 20. c3 Bg6 21. Rfa1 Qd7 22. Nc4 Ra6 23. b4 Bf6 24. h3 Rc8 25. Qe2 Qb5 26. Re1 Raa8 27. Nxd6 Qxe2 28. Rxe2 Rxc3 29. Rxa4 Rd8 30. Nb7 Rf8 31. Nc5 Bd4 32. d6 Bf5 33. Ra7 Rc4 34. d7 Bxd7 35. Rxd7 Bxc5 36. bxc5 Rxf4 37. Rc2 Re4 38. c6 Ree8 39. c7 h5 40. Kg1 g6 41. Kf2 Kg7 42. Rcd2 Rc8 43. R2d6 g5 44. Kf3 Rg8 45. Ke4 Rge8+ 46. Kf5 Re2 47. Rg6+ Kf8 48. Rf6 Re7 49. Rd8+ Re8 50. Rh6 Ke7 51. Rxe8+ Rxe8 52. Rc6 Rc8 53. Kxg5 Kd7 54. Rc2 Rg8+ 55. Kf6 Kc8 56. Kxf7 Rg3 57. Kf6 h4 58. Kf5 Rg7 59. Ke4 Rf7 60. Ke3 Rf8 61. Rc4 Rh8 62. Kf3 Rh7 63. Kg4 Rg7+ 64. Kxh4 Rxg2 65. Kh5 Rg8 66. h4 Rg7 67. Kh6 Rg2 68. h5 Rg3 69. Kh7 Rg5 70. h6 Rg3 71. Rc6 Rg4 72. Rg6 Re4 73. Kg7 1-0

[Event "WYCC U16 Open 2019"]
[Site "Mumbai"]
[Date "2019.10.11"]
[Round "10.13"]
[White "Bagvilas, Lukas"]
[Black "Manafov, Vugar"]
[Result "1/2-1/2"]
[ECO "C11"]
[WhiteElo "1983"]
[BlackElo "2357"]
[Annotator "NA"]
[PlyCount "61"]
[EventDate "2019.10.02"]
[EventType "swiss"]
[EventCountry "IND"]
[SourceTitle "playchess.com"]
[Source "ChessBase"]
[SourceQuality "1"]
[TimeControl "40/5400+30:1800+30"]

1. e4 Nf6 2. Nc3 d5 3. e5 Nfd7 4. d4 c5 5. f4 cxd4 6. Qxd4 e6 7. Qd1 Bc5 8. Qg4 O-O 9. Nf3 Nc6 10. Bd3 f5 11. Qh3 Qe7 12. g4 Nb6 13. a3 a5 14. Ne2 Nc4 15. c3 a4 16. Ng5 g6 17. gxf5 exf5 18. Bxc4 dxc4 19. Be3 Bxe3 20. Qxe3 Rd8 21. h4 Rd3 22. Qg1 h5 23. Rd1 Be6 24. Rxd3 cxd3 25. Nxe6 Qxe6 26. Nc1 Rd8 27. Kd2 Na5 28. Nxd3 Kh7 29. Qg5 Nc4+ 30. Ke2 Qd5 31. Rh3 1/2-1/2

[Event "WYCC U16 Open 2019"]
[Site "Mumbai"]
[Date "2019.10.11"]
[Round "10.14"]
[White "Turgut, Aydin"]
[Black "Mohamed Anees M"]
[Result "1-0"]
[ECO "B44"]
[WhiteElo "2281"]
[BlackElo "2126"]
[Annotator "ChessBase"]
[PlyCount "59"]
[EventDate "2019.10.02"]
[EventType "swiss"]
[EventCountry "IND"]
[SourceTitle "playchess.com"]
[Source "ChessBase"]
[SourceQuality "1"]
[TimeControl "40/5400+30:1800+30"]

1. e4 c5 2. Nf3 e6 3. d4 cxd4 4. Nxd4 Nc6 5. Be2 Qc7 6. Nc3 a6 7. O-O Nf6 8. Be3 Be7 9. f4 d6 10. Kh1 O-O 11. Qe1 Re8 12. Qg3 Nxd4 13. Bxd4 b5 14. e5 dxe5 15. fxe5 Nd7 16. Nd5 Qd8 17. Nf6+ Nxf6 18. exf6 Bf8 19. Rad1 g6 20. Bc5 Bxc5 21. Rxd8 Rxd8 22. Qc7 Rd5 23. Bf3 Bf8 24. Bxd5 exd5 25. Qc6 Rb8 26. Qe8 Ra8 27. Re1 Bb7 28. Qd7 Bc8 29. Qc6 Rb8 30. Qc7 1-0

[Event "WYCC U16 Open 2019"]
[Site "Mumbai"]
[Date "2019.10.11"]
[Round "10.15"]
[White "Karthik Sai Ch"]
[Black "Raahul V S"]
[Result "0-1"]
[ECO "D02"]
[WhiteElo "2046"]
[BlackElo "2262"]
[Annotator "NA"]
[PlyCount "105"]
[EventDate "2019.10.02"]
[EventType "swiss"]
[EventCountry "IND"]
[SourceTitle "playchess.com"]
[Source "ChessBase"]
[SourceQuality "1"]
[TimeControl "40/5400+30:1800+30"]

1. d4 Nf6 2. Nf3 d5 3. Bf4 c5 4. e3 Bg4 5. Nbd2 Nbd7 6. Be2 e6 7. O-O Be7 8. Ne5 Bxe2 9. Qxe2 O-O 10. c3 a6 11. Rfd1 Re8 12. h3 b5 13. Nc6 Qb6 14. Nxe7+ Rxe7 15. Nf3 Ree8 16. a4 Rec8 17. a5 Qb7 18. Ne5 cxd4 19. Nxd7 Nxd7 20. exd4 b4 21. Rdb1 Rc4 22. Bd2 bxc3 23. bxc3 Qc7 24. Rb4 Rc6 25. f4 Nf6 26. Qe5 Ne4 27. Qxc7 Rxc7 28. Be1 Nxc3 29. Bxc3 Rxc3 30. Rab1 g6 31. Rb8+ Rxb8 32. Rxb8+ Kg7 33. Rb6 Rc4 34. Rxa6 Rxd4 35. g3 h6 36. h4 Rd2 37. Ra8 Ra2 38. a6 Kf6 39. g4 Ra4 40. g5+ hxg5 41. fxg5+ Kf5 42. Rf8 Rxa6 43. Rxf7+ Kg4 44. Rf6 Kh5 45. Kf2 Ra2+ 46. Ke3 e5 47. Re6 Ra3+ 48. Ke2 Ra4 49. Kf3 Rf4+ 50. Ke3 Rxh4 51. Rxe5 Re4+ 52. Rxe4 dxe4 53. Kd4 0-1

[Event "WYCC U16 Open 2019"]
[Site "Mumbai"]
[Date "2019.10.11"]
[Round "10.16"]
[White "McGowan, Cameron"]
[Black "Goderdzishvili, Giga"]
[Result "0-1"]
[ECO "C02"]
[WhiteElo "2221"]
[BlackElo "2038"]
[Annotator "NA"]
[PlyCount "56"]
[EventDate "2019.10.02"]
[EventType "swiss"]
[EventCountry "IND"]
[SourceTitle "playchess.com"]
[Source "ChessBase"]
[SourceQuality "1"]
[TimeControl "40/5400+30:1800+30"]

1. e4 e6 2. d4 d5 3. e5 c5 4. c3 Nc6 5. Nf3 Bd7 6. Be2 Nge7 7. O-O Nf5 8. a3 cxd4 9. Bd3 Nh4 10. Nxh4 Qxh4 11. g3 Qd8 12. cxd4 Nxd4 13. Bxh7 Nc6 14. Bc2 Nxe5 15. Re1 Qf6 16. f4 Bc5+ 17. Kg2 Nc4 18. Nc3 O-O-O 19. Ba4 g5 20. Qc2 Bxa4 21. Nxa4 Rxh2+ 22. Kxh2 Rh8+ 23. Kg2 Qh6 24. Kf1 Qh1+ 25. Ke2 Rh2+ 26. Kd3 Qf3+ 27. Re3 Bxe3 28. Qxh2 Bg1+ {Kd4} 0-1

[Event "WYCC U16 Open 2019"]
[Site "Mumbai"]
[Date "2019.10.12"]
[Round "11.1"]
[White "Pogosyan, Stefan"]
[Black "Makarian, Rudik"]
[Result "1/2-1/2"]
[ECO "A17"]
[WhiteElo "2364"]
[BlackElo "2386"]
[Annotator "ChessBase"]
[PlyCount "60"]
[EventDate "2019.10.02"]
[EventType "swiss"]
[EventCountry "IND"]
[SourceTitle "playchess.com"]
[Source "ChessBase"]
[SourceQuality "1"]
[TimeControl "40/5400+30:1800+30"]

1. c4 e6 2. Nc3 Bb4 3. Nf3 Nf6 4. Qc2 d5 5. a3 Bxc3 6. Qxc3 O-O 7. e3 a5 8. b3 b6 9. Bb2 Bb7 10. Be2 c5 11. O-O Nc6 12. d4 Ne4 13. Qc2 cxd4 14. Nxd4 Nxd4 15. Bxd4 Rc8 16. Rfd1 Qh4 17. g3 Qh3 18. Bf1 Qf5 19. Bg2 dxc4 20. bxc4 Rxc4 21. Bxe4 Qxe4 22. Qxe4 Bxe4 23. Bxb6 a4 24. Rac1 Rxc1 25. Rxc1 Rb8 26. Ba7 Rb1 27. Rxb1 Bxb1 28. f3 f5 29. Kh1 Kh8 30. Kg1 Kg8 1/2-1/2

[Event "WYCC U16 Open 2019"]
[Site "Mumbai"]
[Date "2019.10.12"]
[Round "11.2"]
[White "Daghli, Arash"]
[Black "Aronyak Ghosh"]
[Result "1/2-1/2"]
[ECO "B04"]
[WhiteElo "2387"]
[BlackElo "2380"]
[Annotator "ChessBase"]
[PlyCount "72"]
[EventDate "2019.10.02"]
[EventType "swiss"]
[EventCountry "IND"]
[SourceTitle "playchess.com"]
[Source "ChessBase"]
[SourceQuality "1"]
[TimeControl "40/5400+30:1800+30"]

1. e4 Nf6 2. e5 Nd5 3. d4 d6 4. Nf3 dxe5 5. Nxe5 c6 6. Be2 g6 7. c4 Nc7 8. Nc3 Bg7 9. f4 Nd7 10. Be3 Nxe5 11. dxe5 Qxd1+ 12. Rxd1 h5 13. O-O Bf5 14. Bf3 Ne6 15. b4 Bg4 16. Bxg4 hxg4 17. Ne4 Rh5 18. a4 a5 19. b5 cxb5 20. cxb5 Rc8 21. Rc1 Rxc1 22. Bxc1 f5 23. exf6 Bxf6 24. Nxf6+ exf6 25. Bb2 Rc5 26. Bxf6 Rc4 27. f5 gxf5 28. Rxf5 Rxa4 29. Rh5 Nf4 30. Rh7 Ra2 31. Rxb7 Rxg2+ 32. Kf1 Rxh2 33. Be5 g3 34. Bxf4 Rf2+ 35. Kg1 Rxf4 36. Ra7 Rb4 1/2-1/2

[Event "WYCC U16 Open 2019"]
[Site "Mumbai"]
[Date "2019.10.12"]
[Round "11.3"]
[White "Cardoso Cardoso, Jose Gabriel"]
[Black "Niemann, Hans Moke"]
[Result "1-0"]
[ECO "E46"]
[WhiteElo "2313"]
[BlackElo "2439"]
[Annotator "ChessBase"]
[PlyCount "69"]
[EventDate "2019.10.02"]
[EventType "swiss"]
[EventCountry "IND"]
[SourceTitle "playchess.com"]
[Source "ChessBase"]
[SourceQuality "1"]
[TimeControl "40/5400+30:1800+30"]

1. d4 Nf6 2. c4 e6 3. Nc3 Bb4 4. e3 O-O 5. Bd2 c6 6. Nf3 d5 7. Bd3 Nbd7 8. O-O Qe7 9. Re1 dxc4 10. Bxc4 e5 11. e4 exd4 12. e5 dxc3 13. bxc3 Bc5 14. exf6 Qxf6 15. Bg5 Qxc3 16. Rc1 Qa5 17. Be7 Bxe7 18. Rxe7 Nf6 19. Ne5 Be6 20. Bxe6 fxe6 21. Qd6 Qxa2 22. Rf1 Qd5 23. Qc7 Nh5 24. Nd7 Rfc8 25. Qxb7 Qg5 26. Rf7 Kxf7 27. Nb8+ Kg6 28. Qxc8 Qd5 29. Qc7 c5 30. Nc6 Kh6 31. Ne5 Nf6 32. Nf7+ Kh5 33. Re1 g5 34. Ne5 Rf8 35. Qg7 1-0

[Event "WYCC U16 Open 2019"]
[Site "Mumbai"]
[Date "2019.10.12"]
[Round "11.5"]
[White "Raja Rithvik R"]
[Black "Kacharava, Nikolozi"]
[Result "1/2-1/2"]
[ECO "E62"]
[WhiteElo "2369"]
[BlackElo "2428"]
[Annotator "ChessBase"]
[PlyCount "75"]
[EventDate "2019.10.02"]
[EventType "swiss"]
[EventCountry "IND"]
[SourceTitle "playchess.com"]
[Source "ChessBase"]
[SourceQuality "1"]
[TimeControl "40/5400+30:1800+30"]

1. Nf3 Nf6 2. c4 d6 3. d4 g6 4. g3 Bg7 5. Bg2 O-O 6. Nc3 Nc6 7. O-O e5 8. dxe5 dxe5 9. Bg5 Be6 10. Qc1 Qe8 11. Rd1 Rd8 12. Nd2 Rd7 13. b3 Ng4 14. Nde4 Rxd1+ 15. Qxd1 f5 16. h3 fxe4 17. hxg4 Nd4 18. Bxe4 Bxg4 19. Qd2 c6 20. Kg2 Qf7 21. f3 Bf5 22. Rf1 a6 23. Bd3 b5 24. cxb5 axb5 25. Ne4 Be6 26. Bh6 Bxh6 27. Qxh6 Nf5 28. Qd2 Qa7 29. Rc1 Ne3+ 30. Kh1 Qd4 31. Qc3 Bd5 32. Qxd4 exd4 33. a4 Bxb3 34. axb5 cxb5 35. Bxb5 Bd5 36. Bd3 Bxe4 37. Bxe4 Kg7 38. Ra1 1/2-1/2